 Dungeon Crawl Stone Soup version 0.31.0-32-g396128a36d (webtiles) character file.

Game seed: 7531504436436011324

2729 chippings the Zephyrmancer (level 9, -4/78 HPs)
             Began as a Black Draconian Wanderer on Mar 13, 2024.
             Was a Priest of Wu Jian.
             Slain by an orc warrior
             ... wielding a +0 long sword
              (11 damage)
             ... on level 7 of the Dungeon.
             The game lasted 00:20:03 (5800 turns).

chippings the Zephyrmancer (DrWn)                   Turns: 5800, Time: 00:20:04

Health: -4/78      AC:  9    Str: 22    XL:     9   Next: 40%
Magic:  8/18       EV: 11    Int: 18    God:    Wu Jian [***...]
Gold:   46         SH:  0    Dex:  8    Spells: 13/20 levels left

rFire   . . .        a - +2 quarterstaff (heavy)
rCold   + . .        (shield currently unavailable)
rNeg    . . .        (body armour unavailable)
rPois   .            (helmet restricted)
rElec   +            (no cloak)
rCorr   .            y - +0 pair of gloves
SInv    .            z - +0 pair of boots
Will    .....        (no amulet)
Stlth   +            j - +6 ring of strength
HPRegen 0.33/turn    t - ring of protection from cold
MPRegen 0.16/turn

%: no passive effects
@: no status effects
A: breathe lightning, AC +7, unfitting armour, electricity resistance,
cold-blooded
a: Breathe Lightning, Renounce Religion, Wall Jump, Serpent's Lash


You were on level 7 of the Dungeon.
You worshipped Wu Jian.
Wu Jian was most pleased with you.
You visited 2 branches of the dungeon, and saw 8 of its levels.
You also visited: Sewer and Ossuary.

You collected 279 gold pieces.
You spent 233 gold pieces at shops.

Inventory:

Hand Weapons
 a - a +2 heavy quarterstaff (weapon)
Missiles
 b - 19 poisoned darts (quivered)
Armour
 y - a +0 pair of gloves (worn)
 z - a +0 pair of boots (worn)
Jewellery
 j - a +6 ring of strength (left hand)
 n - a ring of poison resistance
 t - a ring of protection from cold (right hand)
 x - a ring of protection from cold
Talismans
 l - a dragon-blood talisman
 m - a flux talisman
 p - a serpent talisman
Wands
 r - a wand of roots (8)
 E - a wand of flame (26)
Scrolls
 c - 3 scrolls of brand weapon
 d - 4 scrolls of fear
 k - a scroll of noise
 u - a scroll of poison
 v - a scroll of vulnerability
 w - 3 scrolls of fog
 C - a scroll of revelation
 G - a scroll of enchant armour
Potions
 e - a potion of brilliance
 g - 3 potions of mutation {unknown}
 h - 9 potions of curing
 i - 3 potions of heal wounds
 q - 4 potions of cancellation {unknown}
 s - 3 potions of magic {unknown}
 A - a potion of berserk rage
 B - 2 potions of haste {unknown}
 F - 2 potions of attraction {unknown}


   Skills:
 + Level 6.8 Fighting
 - Level 6.0 Staves
 - Level 1.0 Throwing
 - Level 1.0 Dodging
 + Level 2.3 Unarmed Combat
 + Level 6.1 Spellcasting
 + Level 9.0 Air Magic
 + Level 2.1 Shapeshifting


You had 13 spell levels left.
You knew the following spells:

 Your Spells              Type           Power      Damage    Failure   Level
a - Shock                 Conj/Air       84%        1d8       1%          1
b - Cigotuvi's Dreadful   Necr/Alch/Air  32%        N/A       5%          2
c - Airstrike             Air            19%        2d(3-19)  2%          4

Your spell library contained the following spells:

 Spells                   Type           Power      Damage    Failure   Level
 Apportation              Tloc           10%        N/A       12%         1
 Jinxbite                 Hex            10%        N/A       19%         2
 Hailstorm                Conj/Ice       5%         3d5       34%         3
 Summon Ice Beast         Ice/Summ       5%         N/A       34%         3
 Tukima's Dance           Hex            5%         N/A       34%         3
 Ignite Poison            Fire/Alch      5%         N/A       75%         4
 Passage of Golubria      Tloc           5%         N/A       75%         4
 Sticky Flame             Fire/Alch      5%         2d4       75%         4
 Alistair's Intoxication  Alch           3%         N/A       97%         5
 Yara's Violent Unravell  Hex/Alch       2%         3d3       97%         5
 Sculpt Simulacrum        Ice/Alch       2%         N/A       100%        6
 Ignition                 Fire           2%         3d3       100%        8


Dungeon Overview and Level Annotations

Branches:
Dungeon (7/15)             Temple (1/1) D:4           Sewer (visited)
Ossuary (visited)

Altars:
Ashenzari
Cheibriados
Dithmenos
Elyvilon
Fedhas
Gozag
Hepliaklqana
Kikubaaqudgha
Nemelex Xobeh
Okawaru
Qazlal
Ru
Sif Muna
Trog
Uskayaw
Vehumet
Wu Jian
Yredelemnul
Zin
The Shining One

Shops:
D:4 ?   D:5 *   D:7 [


Innate Abilities, Weirdness & Mutations

You can breathe wild blasts of lightning.
Your glossy black scales are hard. (AC +7)
You cannot fit into any form of body armour.
You are resistant to electric shocks. (rElec)
You are cold-blooded and may be slowed by cold attacks.


Message History

The orc warrior hits you but does no damage.
The gnoll hits you with a +0 flail.
* * * LOW HITPOINT WARNING * * *
You feel much better.
The orc hits you from afar with a +0 trident.
The gnoll hits you but does no damage. x2
The orc warrior hits you with a +0 long sword.
Unknown command.
The gnoll shouts!
You bludgeon the orc warrior!!
The orc warrior is severely wounded.
The orc hits you but does no damage. The gnoll hits you but does no damage.
The orc warrior completely misses you. The gnoll hits you but does no damage.
The orc hits you but does no damage. The gnoll hits you but does no damage.
The orc warrior completely misses you. The gnoll hits you with a +0 flail.
You barely miss the orc warrior.
The orc warrior is severely wounded.
The orc hits you but does no damage. The gnoll hits you but does no damage.
The orc warrior hits you but does no damage.
The gnoll hits you with a +0 flail!
* * * LOW HITPOINT WARNING * * *
Unknown command.
Expiring: You are a tree.
Your movement speed is average.
Your attack delay is about 1.5.
Your damage rating with your +2 heavy quarterstaff is about 31 (Base [10 + 8 (Hvy)] x 130% (Str) x 124% (Skill) + 2 (Ench)).
Your base attributes are Str 16, Int 18, Dex 8.
You hit the orc warrior.
The orc warrior is almost dead.
You feel less wooden.
Your +0 pair of gloves unmelds from your body.
Your +0 pair of boots unmelds from your body.
The orc barely misses you.
The gnoll hits you from afar with a +0 spear.
* * * LOW HITPOINT WARNING * * *
The gnoll hits you with a +0 club.
* * * LOW HITPOINT WARNING * * *
The gnoll hits you with a +0 flail.
* * * LOW HITPOINT WARNING * * *
The orc warrior hits you with a +0 long sword!
You die...

.... ##.......#
..... ........##
..... .........#
.....##........#
................
................
.......$o)......
.......g@.......
.......)g.......
8#.....go......#
##......$.....#
∩.8.#......>..##
.........^....#
8...#.......#.#
...[#.....#...#
.. #..##.....#


You could see an orc warrior, 3 gnolls and an orc.

Vanquished Creatures
  Maggie (D:7)
  4 ice beasts
  A sky beast (D:7)
  2 ogres
  A centaur (D:5)
  A phantom (D:5)
  A weeping skull (Ossuary)
  A kobold brigand (D:7)
  2 brain worms (Sewer)
  A bullfrog (D:6)
  A scorpion (D:4)
  5 water moccasin zombies (Ossuary)
  6 hounds
  A jelly (D:5)
  A spectral scorpion (Ossuary)
  2 gnoll boudas
  Jessica (D:2)
  3 sleepcaps (D:6)
  3 iguanas
  2 orc wizards
  A crocodile zombie (Ossuary)
  3 mummies
  9 adders
  11 gnolls
  3 river rats
  2 shadow imps (D:6)
  2 ufetubi (D:6)
  2 adder zombies (Ossuary)
  3 dart slugs
  2 ribbon worms
  17 orcs
  9 bats
  6 endoplasms
  4 giant cockroaches
  9 goblins
  6 hobgoblins
  5 jackals
  4 quokkas
  8 ball pythons
  8 frilled lizards
  15 gnoll zombies (Ossuary)
  4 jackal zombies (Ossuary)
  13 kobolds
  6 orc zombies
  8 rats
  A spectral goblin (D:5)
201 creatures vanquished.

Notes
Turn   | Place    | Note
-------+----------+-------------------------------------------
     0 | D:1      | chippings the Draconian Wanderer began the quest for the
                  | Orb.
     0 | D:1      | chippings set off with the following items: a +0
                  | quarterstaff, 8 poisoned darts, a +0 dagger, a scroll of
                  | fear; and the following spell memorised: Shock; and the
                  | following spells available to memorise: Cigotuvi's Dreadful
                  | Rot, Airstrike.
     0 | D:1      | Reached XP level 1. HP: 14/14 MP: 3/3
   135 | D:1      | Reached XP level 2. HP: 22/22 MP: 5/5
   478 | D:1      | Reached skill level 1 in Fighting
   702 | D:2      | Noticed Jessica
   710 | D:2      | Killed Jessica
   711 | D:2      | Reached XP level 3. HP: 18/28 MP: 2/6
   921 | D:2      | Reached XP level 4. HP: 36/36 MP: 5/7
  1068 | D:1      | Learned a level 2 spell: Cigotuvi's Dreadful Rot
  1073 | D:1      | Learned a level 4 spell: Airstrike
  1354 | D:2      | Found a faded altar of an unknown god.
  2100 | D:3      | Reached XP level 5. HP: 37/42 MP: 5/9
  2363 | D:4      | Found a glowing golden altar of the Shining One.
  2441 | D:4      | Reached skill level 5 in Air Magic
  2469 | D:4      | Reached XP level 6. HP: 30/51 MP: 3/11
  2578 | D:4      | Found a staircase to the Ecumenical Temple.
  2589 | Temple   | Entered the Ecumenical Temple
  2605 | Temple   | Became a worshipper of the Wu Jian Council
  2634 | D:4      | Noticed an ice beast
  2648 | D:4      | Killed an ice beast
  2677 | D:4      | Found Seoh's Magic Scroll Shop.
  2683 | D:4      | Bought a scroll of identify for 24 gold pieces
  2683 | D:4      | Bought a scroll of fog for 48 gold pieces
  2683 | D:4      | Bought a scroll of brand weapon for 114 gold pieces
  2683 | D:4      | Bought a scroll of identify for 24 gold pieces
  2715 | D:4      | Your scales start taking on a glossy black colour.
  2715 | D:4      | Reached skill level 6 in Air Magic
  2715 | D:4      | Reached XP level 7. HP: 27/58 MP: 12/12
  2715 | D:4      | Gained mutation: You are resistant to electric shocks.
                  | (rElec) [Black Draconian growth]
  3339 | D:5      | Entered Level 5 of the Dungeon
  3611 | D:5      | Reached skill level 7 in Air Magic
  3667 | D:5      | Found Keopenut's Assorted Antiques.
  3715 | D:5      | Bought a black potion for 23 gold pieces
  3826 | D:5      | Reached XP level 8. HP: 67/67 MP: 9/14
  3942 | D:5      | Reached skill level 5 in Staves
  4215 | D:5      | Found an iron altar of Okawaru.
  4299 | D:5      | Found a hazy altar of Hepliaklqana.
  4379 | D:6      | Reached skill level 5 in Fighting
  4388 | D:6      | Reached * piety under Wu Jian
  4434 | D:6      | Found a glowing drain.
  4460 | Sewer    | Entered a sewer
  4514 | Sewer    | Reached skill level 5 in Spellcasting
  4775 | D:6      | Found a sparkling altar of Nemelex Xobeh.
  4783 | D:6      | Reached skill level 8 in Air Magic
  4812 | D:6      | Reached ** piety under Wu Jian
  4822 | D:6      | Found a sand-covered staircase.
  4828 | Ossuary  | Entered an ossuary
  5088 | Ossuary  | Reached XP level 9. HP: 25/75 MP: 17/17
  5351 | D:6      | Reached skill level 1 in Unarmed Combat
  5430 | D:6      | Reached skill level 1 in Shapeshifting
  5430 | D:6      | Reached *** piety under Wu Jian
  5771 | D:7      | Found Liettyt's Antique Armour Emporium.
  5771 | D:7      | Noticed Maggie
  5784 | D:7      | Killed Maggie
  5785 | D:7      | Reached skill level 9 in Air Magic
  5800 | D:7      | Slain by an orc warrior

Illustrated notes

Levels and vault maps discovered:
D:1:      shiori_arrival_oz, layout_loops_ring
D:2:      layout_basic, shapermc_ecumenical_altar_hornbeckon,
          minmay_misc_feat_iff, uniq_jessica
D:3:      layout_basic, dreamdust_princess_bridge, minmay_increasing_density
D:4:      layout_rooms, nicolae_tso_carved_into_rock, minmay_temple_entry_trees,
          serial_shops, nicolae_shop_back_alley_shop, chequers_big_river,
          kennysheep_decorative_pillar
D:5:      layout_loops_ring, mainiacjoe_overflow_catwalk,
          nicolae_hepliaklqana_monster_ancestors, serial_shops,
          nicolae_inconvenience_store, hangedman_decor_lopped
D:6:      layout_cave_pools, mainiacjoe_overflow_surrounded_room,
          nicolae_ossuary_entry_giza, cheibrodos_sewer_entry_sluice,
          minivault_25, amcnicky_mini_rare_corridor_liquid, hellmonk_no_cap
D:7:      layout_cave_pools, serial_shops, nicolae_shop_just_a_little_nook,
          nicolae_shop_statue_plus, shop_coins, shop_statue, enter_bailey_2,
          ebering_ghost_rock_garden, minmay_fire_ice_demons, uniq_maggie,
          uniq_jeremiah
Temple:   eino_temple_rhombus

Skill      XL: |  1  2  3  4  5  6  7  8  9 |
---------------+----------------------------+-----
Fighting       | 1 2 3 4 6 |  6.8
Staves         | 3 4 6 |  6.0
Spellcasting   | 3 4 5 6 |  6.1
Air Magic      | 5 6 7 8 9 |  9.0
Unarmed Combat | 2 |  2.3
Shapeshifting  | 2 |  2.1
Throwing       | |  1.0
Dodging        | |  1.0

Action                     |  1- 3 |  4- 6 |  7- 9 || total
---------------------------+-------+-------+-------++-------
  Melee: Quarterstaff      |    64 |   120 |   271 ||   455
         Tailslap          |     5 |    15 |    29 ||    49
   Cast: Shock             |    17 |    19 |    13 ||    49
         Cigotuvi's Dreadf |       |     1 |       ||     1
         Airstrike         |       |       |    23 ||    23
Ability: Lunge             |       |       |    22 ||    22
         Whirlwind         |       |       |    14 ||    14
         Breathe Lightning |       |       |     1 ||     1
    Use: Scroll            |     1 |     4 |    10 ||    15
         Potion            |       |       |     3 ||     3
   Stab: Sleeping          |       |       |     2 ||     2
 Armour: Skin              |    41 |    95 |   296 ||   432
  Dodge: Dodged            |    42 |    93 |   167 ||   302
